 Dungeon Crawl Stone Soup version 0.30-a0-224-ge52a3cb02f (webtiles) character file.

Game seed: 7006157373429089083

95 qw the Chopper (level 4, -2/28 HPs)
             Began as a Gargoyle Fighter on Oct 9, 2022.
             Slain by Edmund
             ... wielding a +1 flail of draining
              (8 damage)
             ... on level 4 of the Dungeon.
             The game lasted 00:01:01 (2282 turns).

qw the Chopper (Gargoyle Fighter)                   Turns: 2282, Time: 00:01:02

Health: -2/28      AC: 10    Str: 27    XL:     4   Next: 65%
Magic:  4/4        EV:  9    Int:  9    God:
Gold:   144        SH:  4    Dex:  9    Spells: 3/3 levels left

rFire   . . .      SeeInvis .    Y - +0 war axe
rCold   . . .      Faith    +    c - +0 buckler
rNeg    + . .      Spirit   .    b - +0 scale mail
rPois   inf        Reflect  .    (no helmet)
rElec   +          Harm     .    (no cloak)
rCorr   .          Rampage  .    (no gloves)
Will    +....                    (no boots)
Stlth   ..........               a - amulet "Ucwomem" {Faith Will+}
HPRegen 0.24/turn                k - +6 ring of strength
MPRegen 0.09/turn                (no ring)

@: about to teleport
A: sickness immunity, AC +3, negative energy resistance 1, electricity
resistance, torment resistance 1, petrification resistance
a: no special abilities


You were on level 4 of the Dungeon.
You visited 1 branch of the dungeon, and saw 4 of its levels.

You collected 144 gold pieces.


Innate Abilities, Weirdness & Mutations

You are immune to sickness and miasma.
Your stone body is resilient. (AC +3)
You are immune to poison.
You resist negative energy. (rN+)
You are resistant to electric shocks. (rElec)
You are resistant to unholy torment.
You are immune to petrification.


   Skills:
 - Level 3.2 Fighting
 + Level 4.3 Axes
 - Level 3.2 Armour
 - Level 3.2 Shields


You had 3 spell levels left.
You didn't know any spells.
Your spell library was empty.

Inventory:

Hand Weapons
 e - a +0 whip
 Y - a +0 war axe (weapon)
Armour
 b - a +0 scale mail (worn)
 c - a +0 buckler (worn)
Jewellery
 a - the amulet "Ucwomem" (around neck) {Faith Will+}
   (You acquired it on level 3 of the Dungeon)

   [amulet of faith]

   It allows you to gain divine favour quickly.
   Will:      It increases your willpower.
 k - a +6 ring of strength (left hand)
Potions
 d - a potion of might
 f - 4 potions of curing
 g - a potion of berserk rage {unknown}
 h - a potion of magic {unknown}
 l - a potion of haste {unknown}

Dungeon Overview and Level Annotations

Branches:
Dungeon (4/15)
 Temple: D:4-7

Altars:
Cheibriados
Nemelex Xobeh

Annotations:
D:4 Edmund


Message History

You barely miss the giant cockroach.
The giant cockroach is heavily wounded.
The giant cockroach bites you but does no damage.
You completely miss the giant cockroach.
The giant cockroach is heavily wounded.
The giant cockroach closely misses you.
The giant cockroach completely misses you.
You completely miss the giant cockroach.
The giant cockroach is heavily wounded.
The giant cockroach bites you but does no damage.
You barely miss the giant cockroach.
The giant cockroach is heavily wounded.
The giant cockroach bites you but does no damage.
The giant cockroach barely misses you.
You hit the giant cockroach but do no damage.
The giant cockroach is heavily wounded.
The giant cockroach bites you but does no damage.
You slash the giant cockroach!
You kill the giant cockroach!
Done exploring.
(D) Dungeon
Where to? (* - list waypoints, Enter - D:4, ? - help)
What level of the Dungeon? (default 1, ? - help)
You climb downwards.
Level annotation: Edmund Edmund drinks a potion.
Edmund seems to grow stronger.
There is a stone staircase leading up here.
Edmund is nearby!
You barely miss Edmund.
Edmund hits you with a +1 flail of draining!
Ouch! That really hurt!
Edmund hits you with a +1 flail of draining!
2281 ||| READING scroll of teleportation.
As you read the scroll of teleportation, it crumbles to dust.
You feel strangely unstable. Edmund misses you.
You hit Edmund.
Edmund is lightly wounded.
Edmund hits you with a +1 flail of draining!
You die...

.............(#
..............#
..............#
.........>....#
..............#
..............#
...........>..#
.......@.......
........@......
$..............
...............
...............
...............
...............
..........?....


You could see Edmund (strong).

Vanquished Creatures
  3 adders
  A worm (D:3)
  3 dart slugs
  3 endoplasms (D:1)
  A giant cockroach (D:3)
  6 goblins
  7 hobgoblins
  3 jackals (D:3)
  9 kobolds
  3 quokkas
  5 ball pythons
  4 bats
  2 frilled lizards (D:1)
  6 rats
56 creatures vanquished.

Notes
Turn   | Place    | Note
-------+----------+-------------------------------------------
     0 | D:1      | qw the Gargoyle Fighter began the quest for the Orb.
     0 | D:1      | Reached XP level 1. HP: 14/14 MP: 1/1
     0 | D:1      | 0 ||| qw: Version: 0.2-a-17-g06abaee
     0 | D:1      | 0 ||| qw: Game counter: 2283
     0 | D:1      | 0 ||| qw: Always use a shield: true
     0 | D:1      | 0 ||| qw: God list: Okawaru
     0 | D:1      | 0 ||| qw: Allow faded altars: false
     0 | D:1      | 0 ||| qw: Do Orc after D:15 true
     0 | D:1      | 0 ||| qw: Do second Lair branch before Depths: true
     0 | D:1      | 0 ||| qw: Lair rune preference: random
     0 | D:1      | 0 ||| qw: Plans: Normal, Zot:1-4, God:TSO, Crypt, Tomb,
                  | Pan, Slime:5, Hells, Abyss, Orb
     0 | D:1      | 0 ||| PLANNING D:1-11
    56 | D:1      | 56 ||| DROPPING +2 hand axe of electrocution.
    65 | D:1      | Reached skill level 2 in Axes
   157 | D:1      | Reached XP level 2. HP: 19/19 MP: 2/2
   326 | D:1      | 326 ||| Stepping ~*~*~tactically~*~*~ (hiding).
   603 | D:1      | 603 ||| DROPPING +3 hand axe.
   614 | D:1      | Reached skill level 3 in Axes
   916 | D:1      | 916 ||| READING scroll labelled TUFOUNL HUPT.
   917 | D:1      | 917 ||| DRINKING 2 bubbling orange potions.
   952 | D:2      | Reached XP level 3. HP: 23/23 MP: 3/3
   971 | D:2      | 971 ||| Stepping ~*~*~tactically~*~*~ (hiding).
  1233 | D:2      | Identified the +8 dagger "Poitupnu" {drain, rPois rC+
                  | Dex+3}
  1368 | D:2      | 1368 ||| Stepping ~*~*~tactically~*~*~ (stealth).
  1369 | D:2      | 1369 ||| Stepping ~*~*~tactically~*~*~ (stealth).
  1401 | D:2      | 1401 ||| Stepping ~*~*~tactically~*~*~ (stealth).
  1483 | D:2      | 1483 ||| READING scroll labelled JAGISY GI FIAGH.
  1488 | D:2      | 1488 ||| READING scroll labelled FIURAY FIUG.
  1528 | D:3      | Found a sparkling altar of Nemelex Xobeh.
  1531 | D:3      | 1531 ||| Stepping randomly (stuck).
  1630 | D:3      | Found a snail-covered altar of Cheibriados.
  1707 | D:3      | Reached XP level 4. HP: 25/28 MP: 4/4
  1737 | D:3      | Reached skill level 4 in Axes
  1782 | D:3      | 1782 ||| Stepping ~*~*~tactically~*~*~ (hiding).
  1920 | D:3      | 1920 ||| Stepping ~*~*~tactically~*~*~ (stealth).
  1928 | D:3      | 1928 ||| Stepping ~*~*~tactically~*~*~ (stealth).
  2225 | D:3      | 2225 ||| UPGRADING to +6 ring of strength.
  2226 | D:3      | 2226 ||| READING scroll labelled PALO ZAHUASCH.
  2226 | D:3      | Identified a scroll of acquirement
  2226 | D:3      | 2226 ||| ACQUIRING amulet "Ucwomem" {Faith Will+}
  2226 | D:3      | Acquired the amulet "Ucwomem" {Faith Will+}
  2228 | D:3      | 2228 ||| UPGRADING to amulet "Ucwomem" {Faith Will+}.
  2233 | D:3      | 2233 ||| READING scroll labelled APHOVE YDALAH.
  2245 | D:4      | 2245 ||| STAIRDANCE
  2256 | D:4      | 2256 ||| STAIRDANCE
  2261 | D:4      | 2261 ||| STAIRDANCE
  2268 | D:4      | Noticed Edmund
  2269 | D:4      | 2269 ||| STAIRDANCE
  2280 | D:4      | HP: 6/28 [Edmund/+1 flail of draining (8)]
  2281 | D:4      | 2281 ||| READING scroll of teleportation.
  2282 | D:4      | Slain by Edmund

Levels and vault maps discovered:
D:1:      saegor_arrival_simple_b, layout_basic
D:2:      layout_basic
D:3:      layout_loops_ring, lemuel_doored_altar, amcnicky_altar_gilded
D:4:      layout_basic, uniq_edmund

Skill      XL: |  1  2  3  4 |
---------------+-------------+-----
Axes           | 2 3 4 |  4.3
Fighting       | |  3.2
Armour         | |  3.2
Shields        | |  3.2

Action                   |  1- 3 |  4- 6 || total
-------------------------+-------+-------++-------
Melee: War axe           |   113 |    60 ||   173
  Use: Scroll            |     3 |     3 ||     6
       Potion            |     1 |       ||     1
Armor: Scale mail        |    43 |    39 ||    82
Dodge: Dodged            |    57 |    39 ||    96
Block: Buckler           |    19 |    13 ||    32

Table legend:
 A = Non-vault XP
 B = Vault XP
 C = Vault XP percentage of total XP
 D = Non-vault monster count
 E = Vault monster count
 F = Vault count percentage of total count
                 A         B        C        D         E       F
            +---------+---------+-------+---------+---------+-------
      Total |     136 |       0 |   0.0 |      56 |       0 |   0.0
            +---------+---------+-------+---------+---------+-------
        D:1 |      31 |       0 |   0.0 |      19 |       0 |   0.0
        D:2 |      32 |       0 |   0.0 |      11 |       0 |   0.0
        D:3 |      73 |       0 |   0.0 |      26 |       0 |   0.0
            +---------+---------+-------+---------+---------+-------
